 Dungeon Crawl Stone Soup version 0.30.1-11-g7821555f0a (webtiles) character file.

Game seed: 2284099499326009894

2154 rumournova the Spear-Bearer (level 9, -4/68 HPs)
             Began as a Gnoll Wanderer on Nov 18, 2023.
             Was an Initiate of Ashenzari.
             Slain by a gnoll bouda
             ... wielding a +0 whip
              (7 damage)
             ... on level 6 of the Dungeon.
             The game lasted 00:28:35 (6141 turns).

rumournova the Spear-Bearer (Gnoll Wanderer)        Turns: 6141, Time: 00:28:36

Health: -4/68      AC: -3    Str: 22    XL:     9   Next: 31%
Magic:  0/15       EV: 15    Int:  9    God:    Ashenzari [......]
Gold:   109        SH:  0    Dex: 14    Spells: 16/16 levels left

rFire   . . .        b - +0 hand axe
rCold   . . .        (no shield)
rNeg    . . .        y - +1 chain mail
rPois   .            A - +2 helmet {SInv}
rElec   .            (no cloak)
rCorr   .            f - +1 pair of gloves "Fetters of Ashenzari" {Alch, Melee} (curse)
SInv    +            (no boots)
Will    .....        o - amulet of guardian spirit Stlth
                     i - +5 ring of evasion
HPRegen 0.31/turn    l - +6 ring of strength
MPRegen 0.14/turn

%: guardian spirit
@: about to teleport, corroded
A: fangs 1, strong nose, distributed training
a: Renounce Religion, Curse Item, Shatter the Chains


You were on level 6 of the Dungeon.
You worshipped Ashenzari.
Ashenzari was noncommittal.
You visited 2 branches of the dungeon, and saw 7 of its levels.

You collected 270 gold pieces.
You spent 161 gold pieces at shops.

Inventory:

Hand Weapons
 a - a +2 spear
 b - a +0 hand axe (weapon)
 d - a +1 dagger of speed
 g - a +4 dagger
 h - a +0 scythe
 p - a +4 broad axe of freezing
 B - a +2 rapier of venom
 D - a +2 heavy flail
 K - a +2 flail of draining
Missiles
 C - 5 boomerangs
 F - a throwing net (quivered)
Armour
 c - a +0 scale mail
 f - the cursed +1 pair of gloves "Fetters of Ashenzari" (worn) {Alch, Melee}
   (You found it on level 1 of the Dungeon)

   It has a curse which improves the following skills: Alchemy: Poison Magic and
   Transmutations.
   Melee Combat: Short Blades, Long Blades, Axes, Maces & Flails, Polearms,
   Staves and Unarmed Combat.
 y - a +1 chain mail (worn)
 A - a +2 helmet of see invisible (worn)
 J - a +1 robe of willpower
Jewellery
 i - a +5 ring of evasion (left hand)
 k - a ring of poison resistance
 l - a +6 ring of strength (right hand)
 o - an amulet of guardian spirit (around neck)
 s - an amulet of regeneration
 x - a +5 ring of evasion
 H - a ring of fire
Wands
 t - a wand of iceblast (6)
 v - a wand of flame (25)
 I - a wand of light (3)
Scrolls
 r - 3 scrolls of teleportation
 w - a scroll of immolation
Potions
 e - 2 potions of resistance
 j - 3 potions of mutation
 m - 2 potions of lignification {unknown}
 n - 2 potions of invisibility
 q - a potion of cancellation {unknown}
 u - a potion of might {unknown}
 E - a potion of haste {unknown}
 G - 2 potions of magic
Miscellaneous
 z - a tin of tremorstones (2/2)


   Skills:
 + Level 5.1 Fighting
 + Level 4.3(4.6) Short Blades
 + Level 4.3(4.6) Long Blades
 + Level 6.3(6.7) Axes
 + Level 4.3(4.6) Maces & Flails
 + Level 11.3(11.6) Polearms
 + Level 4.3(4.6) Staves
 + Level 4.3 Ranged Weapons
 + Level 4.3 Throwing
 + Level 5.1 Armour
 + Level 5.1 Dodging
 + Level 4.3 Stealth
 + Level 4.3 Shields
 + Level 4.3(4.6) Unarmed Combat
 + Level 4.3 Spellcasting
 + Level 3.5 Conjurations
 + Level 3.5 Hexes
 + Level 3.5 Summonings
 + Level 3.5 Necromancy
 + Level 3.5 Translocations
 + Level 3.5(3.9) Transmutations
 + Level 3.5 Fire Magic
 + Level 3.5 Ice Magic
 + Level 3.5 Air Magic
 + Level 3.5 Earth Magic
 + Level 3.5(3.9) Poison Magic
 + Level 4.7 Invocations
 + Level 4.3 Evocations


You had 16 spell levels left.
You didn't know any spells.
Your spell library contained the following spells:

 Spells                   Type           Power      Damage    Failure   Level
 Lesser Beckoning         Tloc           16%        N/A       50%         2
 Gell's Gravitas          Tloc           8%         N/A       73%         3
 Inner Flame              Hex/Fire       8%         N/A       73%         3
 Teleport Other           Tloc           8%         N/A       73%         3
 Yara's Violent Unravell  Hex/Tmut       4%         3d4       100%        5
 Enfeeble                 Hex            4%         N/A       100%        7


Dungeon Overview and Level Annotations

Branches:
Dungeon (6/15)             Temple (1/1) D:5

Altars:
Ashenzari
Dithmenos
Elyvilon
Makhleb
Qazlal
Sif Muna
Trog
Uskayaw
Wu Jian
Xom
Yredelemnul

Shops:
D:3 (


Innate Abilities, Weirdness & Mutations

You have very sharp teeth.
Your uncanny sense of smell can sniff out nearby items.
Your experience applies equally to all skills.


Message History

The hobgoblin misses you. The gnoll hits you with a +0 mace.
The gnoll misses you.
You hit the gnoll but do no damage. You bite the gnoll, but do no damage.
The gnoll is moderately wounded.
You hit the hobgoblin.
You kill the hobgoblin!
You hit the jelly. The acid corrodes you!
Your hands burn!
The gnoll hits you but does no damage. The jelly hits you.
You are splashed with acid!
A hobgoblin comes into view. It is wielding a +0 club.
The gnoll hits you from afar with a +0 spear.
The hobgoblin shouts!
You hit the gnoll.
The gnoll is severely wounded.
You completely miss the jelly. You barely miss the hobgoblin.
The hobgoblin hits you with a +0 club. The jelly misses you.
The gnoll barely misses you. The gnoll closely misses you.
You slash the gnoll!
You kill the gnoll!
You hit the hobgoblin but do no damage. You hit the jelly but do no damage.
Your hands burn!
The jelly hits you.
You are splashed with acid.
The hobgoblin barely misses you. The gnoll completely misses you.
You hit the gnoll bouda but do no damage.
You bite the gnoll bouda, but do no damage.
You closely miss the hobgoblin. You hit the jelly but do no damage.
The acid corrodes you!
Your hands burn!
The jelly hits you. The acid corrodes you!
You are splashed with acid!
* * * LOW HITPOINT WARNING * * *
The hobgoblin misses you.
The gnoll bouda hits you with a +0 whip!
* * * LOW HITPOINT WARNING * * *
The gnoll barely misses you. The gnoll closely misses you.
As you read the scroll of teleportation, it crumbles to dust.
You feel strangely unstable. The jelly hits you.
* * * LOW HITPOINT WARNING * * *
You are splashed with acid!
* * * LOW HITPOINT WARNING * * *
The hobgoblin misses you.
The gnoll bouda hits you with a +0 whip!
You die...

###### #....# #....#
#####..).#########..
...#......#gg.......
..'..g...@gg.....g.
..#......#Jg.......
##....#########.. #..).# #.)))# ∆
############)'###################
≈≈≈≈≈≈≈≈≈~~....~≈≈≈≈≈≈≈≈≈≈≈≈≈≈≈≈≈
≈~~~≈≈≈≈≈~.....~≈~≈~≈≈≈≈≈≈≈~≈≈≈≈≈
~~~~~~≈≈~~.....~~~~~~~~~≈~~≈≈~~~~


You could see a gnoll bouda, a jelly, 2 gnolls and 3 hobgoblins.

Vanquished Creatures
  Sigmund (D:3)
  A wyvern (D:6)
  Duvessa (D:5)
  An orc warrior (D:6)
  An ice beast (D:6)
  A phantom (D:3)
  3 ogres
  Blork the orc (D:5)
  A scorpion (D:5)
  A bullfrog (D:5)
  Dowan (D:5)
  2 howler monkeys
  3 electric eels (D:6)
  4 hounds
  3 orc priests
  2 iguanas
  7 orc wizards
  17 gnolls
  8 adders
  A white imp (D:5)
  An ufetubus (D:5)
  2 worms (D:2)
  3 dart slugs
  14 orcs
  5 endoplasms
  3 giant cockroaches
  15 goblins
  20 hobgoblins
  4 jackals (D:4)
  2 quokkas (D:5)
  9 ball pythons
  4 bats
  4 frilled lizards
  4 kobolds
  2 rats (D:1)
152 creatures vanquished.

Vanquished Creatures (others)
  A hound (D:5)
  3 orc wizards
  An orc (D:6)
  A goblin (D:6)
6 creatures vanquished.

Grand Total: 158 creatures vanquished

Notes
Turn   | Place    | Note
-------+----------+-------------------------------------------
     0 | D:1      | Reached skill level 10 in Polearms
     0 | D:1      | rumournova the Gnoll Wanderer began the quest for the Orb.
     0 | D:1      | rumournova set off with the following items: a +2 spear, a
                  | +0 hand axe, a +0 scale mail, a potion of heal wounds.
     0 | D:1      | Reached XP level 1. HP: 17/17 MP: 1/1
   264 | D:1      | Reached XP level 2. HP: 19/23 MP: 2/2
   506 | D:1      | Reached XP level 3. HP: 26/28 MP: 3/3
   866 | D:2      | Reached skill level 1 in Invocations
   883 | D:2      | Found a faded altar of an unknown god.
   899 | D:2      | Prayed at the altar of an unknown god.
   899 | D:2      | Became a worshipper of Ashenzari the Shackled
  1013 | D:2      | Reached skill level 1 in Short Blades
  1013 | D:2      | Reached skill level 1 in Long Blades
  1013 | D:2      | Reached skill level 1 in Maces & Flails
  1013 | D:2      | Reached skill level 1 in Staves
  1013 | D:2      | Reached skill level 1 in Ranged Weapons
  1013 | D:2      | Reached skill level 1 in Throwing
  1013 | D:2      | Reached skill level 1 in Stealth
  1013 | D:2      | Reached skill level 1 in Shields
  1013 | D:2      | Reached skill level 1 in Unarmed Combat
  1013 | D:2      | Reached skill level 1 in Spellcasting
  1013 | D:2      | Reached skill level 1 in Evocations
  1046 | D:2      | Reached XP level 4. HP: 34/34 MP: 5/5
  1460 | D:3      | Found a bloodstained altar of Trog.
  1471 | D:3      | Found Viadwen's Antique Weapon Shop.
  1654 | D:3      | Bought a runed broad axe for 161 gold pieces
  1671 | D:3      | Noticed Sigmund
  1676 | D:3      | Killed Sigmund
  1677 | D:3      | Reached skill level 1 in Conjurations
  1677 | D:3      | Reached skill level 1 in Hexes
  1677 | D:3      | Reached skill level 1 in Summonings
  1677 | D:3      | Reached skill level 1 in Necromancy
  1677 | D:3      | Reached skill level 1 in Translocations
  1677 | D:3      | Reached skill level 1 in Transmutations
  1677 | D:3      | Reached skill level 1 in Fire Magic
  1677 | D:3      | Reached skill level 1 in Ice Magic
  1677 | D:3      | Reached skill level 1 in Air Magic
  1677 | D:3      | Reached skill level 1 in Earth Magic
  1677 | D:3      | Reached skill level 1 in Poison Magic
  1677 | D:3      | Reached XP level 5. HP: 41/41 MP: 5/7
  1677 | D:3      | Reached XP level 6. HP: 47/47 MP: 5/8
  1779 | D:3      | Reached skill level 5 in Axes
  2293 | D:4      | Reached XP level 7. HP: 36/52 MP: 3/10
  3165 | D:5      | Entered Level 5 of the Dungeon
  3187 | D:5      | Found a staircase to the Ecumenical Temple.
  3192 | Temple   | Entered the Ecumenical Temple
  3472 | D:5      | Noticed Duvessa
  3472 | D:5      | Noticed Dowan
  3486 | D:5      | Killed Duvessa
  3505 | D:5      | Killed Dowan
  3506 | D:5      | Reached XP level 8. HP: 22/60 MP: 6/12
  4252 | D:5      | Reached skill level 11 in Polearms
  4512 | D:5      | Noticed Blork the orc
  4519 | D:5      | Killed Blork the orc
  4883 | D:6      | Noticed a wyvern
  4887 | D:6      | Killed a wyvern
  4888 | D:6      | Reached XP level 9. HP: 67/67 MP: 14/14
  5269 | D:6      | Reached skill level 5 in Fighting
  5269 | D:6      | Reached skill level 5 in Armour
  5269 | D:6      | Reached skill level 5 in Dodging
  6141 | D:6      | HP: 3/68 [acid (6)]
  6141 | D:6      | Slain by a gnoll bouda

Illustrated notes

Levels and vault maps discovered:
D:1:      dpeg_arrival_rhombi, layout_loops_ring
D:2:      layout_basic, basic_ecumenical_altar, minivault_27
D:3:      layout_loops_ring, lemuel_crystal_altar, serial_shops,
          nicolae_shop_tiny_statue_garden, uniq_sigmund
D:4:      cheibrodos_barr_body, layout_cave_pods, minivault_14,
          minmay_a_box_with_orc_wizards_in_it
D:5:      layout_loops_corners, temple_statues, uniq_blork_the_orc, uniq_duvessa
D:6:      minmay_goblin_kobold_castle, layout_basic, kennysheep_minor_cross
Temple:   jpeg_temple_island

Skill      XL: |  1  2  3  4  5  6  7  8  9 |
---------------+----------------------------+-----
Polearms       | 11 | 11.3
Invocations    | 1 2 3 4 |  4.7
Short Blades   | 1 2 3 4 |  4.3
Long Blades    | 1 2 3 4 |  4.3
Maces & Flails | 1 2 3 4 |  4.3
Staves         | 1 2 3 4 |  4.3
Ranged Weapons | 1 2 3 4 |  4.3
Throwing       | 1 2 3 4 |  4.3
Stealth        | 1 2 3 4 |  4.3
Shields        | 1 2 3 4 |  4.3
Unarmed Combat | 1 2 3 4 |  4.3
Spellcasting   | 1 2 3 4 |  4.3
Evocations     | 1 2 3 4 |  4.3
Fighting       | 3 4 5 |  5.1
Armour         | 3 4 5 |  5.1
Dodging        | 3 4 5 |  5.1
Conjurations   | 1 2 3 |  3.5
Hexes          | 1 2 3 |  3.5
Summonings     | 1 2 3 |  3.5
Necromancy     | 1 2 3 |  3.5
Translocations | 1 2 3 |  3.5
Transmutations | 1 2 3 |  3.5
Fire Magic     | 1 2 3 |  3.5
Ice Magic      | 1 2 3 |  3.5
Air Magic      | 1 2 3 |  3.5
Earth Magic    | 1 2 3 |  3.5
Poison Magic   | 1 2 3 |  3.5
Axes           | 5 6 |  6.3

Action                     |  1- 3 |  4- 6 |  7- 9 || total
---------------------------+-------+-------+-------++-------
  Melee: Spear             |    82 |    18 |       ||   100
         Bite              |     3 |     3 |    26 ||    32
         Broad axe         |       |    64 |   216 ||   280
         Punch             |       |     3 |     8 ||    11
         Hand axe          |       |       |    44 ||    44
 Invoke: Curse Item        |       |       |     1 ||     1
  Evoke: Wand              |       |       |     4 ||     4
    Use: Scroll            |     5 |     6 |     8 ||    19
         Potion            |       |     2 |     3 ||     5
   Stab: Invisible         |       |       |     2 ||     2
 Armour: Scale mail        |    16 |    41 |    18 ||    75
         Chain mail        |       |       |    96 ||    96
  Dodge: Dodged            |    35 |    69 |   228 ||   332
